| TOP OF THE 1ST |
|
Appleton Foxes batting - Pitching for Quincy Cubs : RHP Charles Lusted
|
|
Pitching: RHP Charles Lusted
|
|
|
Batting: LHB Mike Woodard
|
0-0: Ball 1-0: Ball 2-0: Called Strike 2-1: Called Strike 2-2: Strikes out looking
|
|
Batting: LHB John Csefalvay
|
0-0: Ball 1-0: Swinging Strike 1-1: Foul Ball, location: 2F 1-2: Strikes out swinging
|
|
Batting: RHB Randy Asadoor
|
0-0: Ball 1-0: Ball 2-0: Foul Ball, location: 2F 2-1: Called Strike 2-2: Foul Ball, location: 2F 2-2: Ground out 6-3 (Groundball, 6, EV 83.8 MPH)
|
| Top of the 1st over - 0 runs, 0 hits, 0 errors, 0 left on base; Appleton 0 - Quincy 0 |
| BOTTOM OF THE 1ST |
|
Quincy Cubs batting - Pitching for Appleton Foxes : RHP Mark Grant
|
|
Pitching: RHP Mark Grant
|
|
|
Batting: RHB Alex Juarez
|
0-0: Ball 1-0: Called Strike 1-1: Swinging Strike 1-2: Foul Ball, location: 2F 1-2: Foul Ball, location: 2F 1-2: Ground out 5-3 (Groundball, 5, EV 85.6 MPH)
|
|
Batting: RHB Jack Ayer
|
0-0: Called Strike 0-1: Foul Ball, location: 2F 0-2: Strikes out swinging
|
|
Batting: SHB Willie Perez
|
0-0: Ball 1-0: Foul Ball, location: 2F 1-1: Ball 2-1: Called Strike 2-2: Foul Ball, location: 2F 2-2: Fly out, F8 (Flyball, 8LM, EV 84.4 MPH)
|
| Bottom of the 1st over - 0 runs, 0 hits, 0 errors, 0 left on base; Appleton 0 - Quincy 0 |
| TOP OF THE 2ND |
|
Appleton Foxes batting - Pitching for Quincy Cubs : RHP Charles Lusted
|
|
Batting: RHB George Hinshaw
|
0-0: Ball 1-0: Ball 2-0: Called Strike 2-1: Ball 3-1: Foul Ball, location: 2F 3-2: Base on Balls
|
|
Batting: RHB Victor Mata
|
0-0: Called Strike George Hinshaw steals 2nd base (no throw) 0-1: Called Strike 0-2: Ball 1-2: Fly out, F8 (Flyball, 8RM, EV 86.3 MPH)
|
|
Batting: RHB Douglas Lulay
|
0-0: Ball 1-0: Foul Ball, location: 2F 1-1: Swinging Strike 1-2: Strikes out swinging
|
|
Batting: RHB Howard Lopes
|
0-0: Ball 1-0: Called Strike 1-1: Ground out 6-3 (Groundball, 6, EV 81.9 MPH)
|
| Top of the 2nd over - 0 runs, 0 hits, 0 errors, 1 left on base; Appleton 0 - Quincy 0 |
| BOTTOM OF THE 2ND |
|
Quincy Cubs batting - Pitching for Appleton Foxes : RHP Mark Grant
|
|
Batting: LHB Dennis Mork
|
0-0: Ball 1-0: Ball 2-0: Called Strike 2-1: Ball 3-1: Base on Balls
|
|
Batting: RHB Jerry Fry
|
0-0: Fly out, F8 (Flyball, 8RXD, EV 98.1 MPH)
|
|
Batting: RHB Billy Best
|
0-0: Ball 1-0: Fly out, F4 (Flyball, 4D, EV 86.9 MPH)
|
|
Batting: RHB Roger Hansen
|
0-0: Called Strike 0-1: Ball 1-1: Swinging Strike 1-2: Ball 2-2: Fly out, F8 (Flyball, 8LM, EV 97.5 MPH)
|
| Bottom of the 2nd over - 0 runs, 0 hits, 0 errors, 1 left on base; Appleton 0 - Quincy 0 |
| TOP OF THE 3RD |
|
Appleton Foxes batting - Pitching for Quincy Cubs : RHP Charles Lusted
|
|
Batting: RHB Mike Nipper
|
0-0: Ball 1-0: Foul Ball, location: 2F 1-1: Swinging Strike 1-2: Strikes out swinging
|
|
Batting: RHB Philip Sutton
|
0-0: Foul Ball, location: 2F 0-1: Foul Ball, location: 2F 0-2: Ball 1-2: Foul Ball, location: 2F 1-2: Foul Ball, location: 2F 1-2: Ball 2-2: Strikes out looking
|
|
Batting: LHB Mike Woodard
|
0-0: Ball 1-0: Swinging Strike 1-1: Foul Ball, location: 2F 1-2: Ground out 3-1 (Groundball, 3S, EV 65.0 MPH)
|
| Top of the 3rd over - 0 runs, 0 hits, 0 errors, 0 left on base; Appleton 0 - Quincy 0 |
| BOTTOM OF THE 3RD |
|
Quincy Cubs batting - Pitching for Appleton Foxes : RHP Mark Grant
|
|
Batting: RHB Nerio Guerrero
|
0-0: Called Strike 0-1: Ball 1-1: Swinging Strike 1-2: Ball 2-2: Strikes out swinging
|
|
Batting: RHB Garry Keeton
|
0-0: Ball 1-0: Ball 2-0: Swinging Strike 2-1: Ball 3-1: Ground out 6-3 (Groundball, 6, EV 108.1 MPH)
|
|
Batting: RHB Alex Juarez
|
0-0: Ball 1-0: SINGLE (Line Drive, 7LS, EV 107.5 MPH)
|
|
Batting: RHB Jack Ayer
|
0-0: Ball 1-0: Ground out 4-3 (Groundball, 4, EV 80.0 MPH)
|
| Bottom of the 3rd over - 0 runs, 1 hit, 0 errors, 1 left on base; Appleton 0 - Quincy 0 |
| TOP OF THE 4TH |
|
Appleton Foxes batting - Pitching for Quincy Cubs : RHP Charles Lusted
|
|
Batting: LHB John Csefalvay
|
0-0: Ball 1-0: Called Strike 1-1: DOUBLE (Line Drive, 78XD, EV 100.6 MPH)
|
|
Batting: RHB Randy Asadoor
|
0-0: Ball 1-0: Called Strike 1-1: Called Strike 1-2: Ball Wild Pitch! John Csefalvay to third 2-2: Ball 3-2: SINGLE (Line Drive, 8LS, EV 91.3 MPH) John Csefalvay scores
|
|
Batting: RHB George Hinshaw
|
0-0: SINGLE (Line Drive, 7S, EV 110.6 MPH) Randy Asadoor to second
|
|
Batting: RHB Victor Mata
|
0-0: Called Strike 0-1: Ground out 5-3 (Groundball, 56S, EV 69.4 MPH) Randy Asadoor to third George Hinshaw to second
|
|
Batting: RHB Douglas Lulay
|
0-0: Ball 1-0: Ball 2-0: Ground out 6-3 (Groundball, 6, EV 86.9 MPH)
|
|
Batting: RHB Howard Lopes
|
0-0: Ball 1-0: Foul Ball, location: 2F 1-1: Ball 2-1: Foul Ball, location: 2F 2-2: Ball 3-2: Foul Ball, location: 2F 3-2: Reached on error, E1 (Groundball, 15S, EV 65.6 MPH) Randy Asadoor scores George Hinshaw scores
|
|
Batting: RHB Mike Nipper
|
0-0: Called Strike 0-1: Ball 1-1: SINGLE (Line Drive, 9S, EV 105.0 MPH) Howard Lopes to third
|
|
Batting: RHB Philip Sutton
|
0-0: Ball 1-0: SINGLE (Line Drive, 89S, EV 86.9 MPH) Howard Lopes scores Mike Nipper to second Runner from 2nd tries for 3rd, SAFE, no throw by RF
|
|
Batting: LHB Mike Woodard
|
0-0: Swinging Strike 0-1: Ball 1-1: Ground out 6-3 (Groundball, P, EV 85.0 MPH)
|
| Top of the 4th over - 4 runs, 5 hits, 1 error, 2 left on base; Appleton 4 - Quincy 0 |
| BOTTOM OF THE 4TH |
|
Quincy Cubs batting - Pitching for Appleton Foxes : RHP Mark Grant
|
|
Batting: SHB Willie Perez
|
0-0: Foul Ball, location: 2F 0-1: Ball 1-1: Foul Ball, location: 2F 1-2: Fly out, F7 (Flyball, 78D, EV 96.9 MPH)
|
|
Batting: LHB Dennis Mork
|
0-0: Fly out, F7 (Line Drive, 7, EV 83.8 MPH)
|
|
Batting: RHB Jerry Fry
|
0-0: Ball 1-0: Called Strike 1-1: Ball 2-1: Ball 3-1: Swinging Strike 3-2: Foul Ball, location: 2F 3-2: Fly out, F8 (Flyball, 8LD, EV 106.9 MPH)
|
| Bottom of the 4th over - 0 runs, 0 hits, 0 errors, 0 left on base; Appleton 4 - Quincy 0 |
| TOP OF THE 5TH |
|
Appleton Foxes batting - Pitching for Quincy Cubs : RHP Charles Lusted
|
|
Batting: LHB John Csefalvay
|
0-0: Ground out 1-3 (Groundball, 15S, EV 69.4 MPH)
|
|
Batting: RHB Randy Asadoor
|
0-0: Foul Ball, location: 2F 0-1: Swinging Strike 0-2: Ball 1-2: Ball 2-2: Strikes out swinging
|
|
Batting: RHB George Hinshaw
|
0-0: Swinging Strike 0-1: Swinging Strike 0-2: Foul Ball, location: 2F 0-2: Strikes out swinging
|
| Top of the 5th over - 0 runs, 0 hits, 0 errors, 0 left on base; Appleton 4 - Quincy 0 |
| BOTTOM OF THE 5TH |
|
Quincy Cubs batting - Pitching for Appleton Foxes : RHP Mark Grant
|
|
Batting: RHB Billy Best
|
0-0: Called Strike 0-1: Called Strike 0-2: Strikes out swinging
|
|
Batting: RHB Roger Hansen
|
0-0: Ball 1-0: Ball 2-0: Called Strike 2-1: Ground out 3-1 (Groundball, 34S, EV 89.4 MPH)
|
|
Batting: RHB Nerio Guerrero
|
0-0: Ball 1-0: Called Strike 1-1: Ball 2-1: Foul Ball, location: 2F 2-2: Ball 3-2: Foul Ball, location: 2F 3-2: Ground out 3-1 (Groundball, 34S, EV 88.1 MPH)
|
| Bottom of the 5th over - 0 runs, 0 hits, 0 errors, 0 left on base; Appleton 4 - Quincy 0 |
| TOP OF THE 6TH |
|
Appleton Foxes batting - Pitching for Quincy Cubs : RHP Charles Lusted
|
|
Batting: RHB Victor Mata
|
0-0: Ball 1-0: SINGLE (Line Drive, 4D, EV 96.3 MPH)
|
|
Batting: RHB Douglas Lulay
|
0-0: Called Strike 0-1: Fielders Choice at 2nd, 1-4 (Groundball, 15, EV 71.9 MPH)
|
|
Batting: RHB Howard Lopes
|
0-0: Ball Douglas Lulay steals 2nd base 1-0: Called Strike 1-1: Foul Ball, location: 2F 1-2: Ball 2-2: Ground out 6-3 (Groundball, P, EV 83.1 MPH) Douglas Lulay to third
|
|
Batting: RHB Mike Nipper
|
0-0: Ball 1-0: Ball 2-0: Ball 3-0: Foul Ball, location: 2F 3-1: Foul Ball, location: 2F 3-2: Foul Ball, location: 2F 3-2: Foul Ball, location: 2F 3-2: Base on Balls
|
|
Batting: RHB Philip Sutton
|
0-0: Ball 1-0: Fly out, F3 (Popup, 3SF, EV 78.1 MPH)
|
| Top of the 6th over - 0 runs, 1 hit, 0 errors, 2 left on base; Appleton 4 - Quincy 0 |
| BOTTOM OF THE 6TH |
|
Quincy Cubs batting - Pitching for Appleton Foxes : RHP Mark Grant
|
|
Batting: RHB Garry Keeton
|
0-0: Ball 1-0: Called Strike 1-1: Called Strike 1-2: Fly out, F7 (Flyball, 78S, EV 95.0 MPH)
|
|
Batting: RHB Alex Juarez
|
0-0: Ball 1-0: Ball 2-0: Swinging Strike 2-1: Ground out 4-3 (Groundball, 4, EV 80.6 MPH)
|
|
Batting: RHB Jack Ayer
|
0-0: Ball 1-0: Ground out 6-3 (Groundball, 6, EV 83.8 MPH)
|
| Bottom of the 6th over - 0 runs, 0 hits, 0 errors, 0 left on base; Appleton 4 - Quincy 0 |
| TOP OF THE 7TH |
|
Appleton Foxes batting - Pitching for Quincy Cubs : RHP Charles Lusted
|
|
Batting: LHB Mike Woodard
|
0-0: Swinging Strike 0-1: Ball 1-1: Swinging Strike 1-2: Ball 2-2: Foul Ball, location: 2F 2-2: Foul Ball, location: 2F 2-2: Ball 3-2: Foul Ball, location: 2F 3-2: Fly out, F7 (Flyball, 78M, EV 83.1 MPH)
|
|
Batting: LHB John Csefalvay
|
0-0: Called Strike 0-1: Ball 1-1: Foul Ball, location: 2F 1-2: Ball 2-2: Ball 3-2: Base on Balls
|
|
Batting: RHB Randy Asadoor
|
0-0: Ball 1-0: Ball 2-0: Ball 3-0: Base on Balls John Csefalvay to second
|
|
Batting: RHB George Hinshaw
|
0-0: Ball Wild Pitch! John Csefalvay to third Randy Asadoor to second 1-0: Called Strike 1-1: Ground out 6-3 (Groundball, 6, EV 81.9 MPH)
|
|
Batting: RHB Victor Mata
|
0-0: Ground out 4-3 (Groundball, 4, EV 78.8 MPH)
|
| Top of the 7th over - 0 runs, 0 hits, 0 errors, 2 left on base; Appleton 4 - Quincy 0 |
| BOTTOM OF THE 7TH |
|
Quincy Cubs batting - Pitching for Appleton Foxes : RHP Mark Grant
|
|
Batting: SHB Willie Perez
|
0-0: Called Strike 0-1: SOLO HOME RUN (Line Drive, 9LD, EV 103.8 MPH), Distance : 354 ft
|
|
Batting: LHB Dennis Mork
|
0-0: Ball 1-0: Called Strike 1-1: Foul Ball, location: 2F 1-2: Strikes out swinging
|
|
Batting: RHB Jerry Fry
|
0-0: Foul Ball, location: 2F 0-1: Swinging Strike 0-2: Strikes out swinging
|
|
Batting: RHB Billy Best
|
0-0: Ball 1-0: Ground out 4-3 (Groundball, 4M, EV 81.9 MPH)
|
| Bottom of the 7th over - 1 run, 1 hit, 0 errors, 0 left on base; Appleton 4 - Quincy 1 |
| TOP OF THE 8TH |
|
Appleton Foxes batting - Pitching for Quincy Cubs : RHP Charles Lusted
|
|
Batting: RHB Douglas Lulay
|
0-0: Ball 1-0: Reached on error, E7 (Flyball, 78M, EV 94.4 MPH)
|
|
Batting: RHB Howard Lopes
|
0-0: Ball 1-0: Ball 2-0: Foul Ball, location: 2F 2-1: Foul Ball, location: 2F 2-2: Ball 3-2: Foul Ball, location: 2F 3-2: Base on Balls Douglas Lulay to second
|
|
Batting: RHB Mike Nipper
|
0-0: Swinging Strike 0-1: Swinging Strike 0-2: Strikes out swinging
|
|
Batting: RHB Philip Sutton
|
0-0: Ball 1-0: Swinging Strike 1-1: Ball 2-1: Fielders Choice at 2nd, 3-6 (Groundball, 34, EV 104.4 MPH) Douglas Lulay to third
|
|
Batting: LHB Mike Woodard
|
0-0: Called Strike 0-1: Ground out 4-3 (Groundball, 4, EV 85.0 MPH)
|
| Top of the 8th over - 0 runs, 0 hits, 1 error, 2 left on base; Appleton 4 - Quincy 1 |
| BOTTOM OF THE 8TH |
|
Quincy Cubs batting - Pitching for Appleton Foxes : RHP Mark Grant
|
|
Batting: RHB Roger Hansen
|
0-0: Called Strike 0-1: Ball 1-1: Foul Ball, location: 2F 1-2: Ball 2-2: Strikes out swinging
|
|
Batting: RHB Nerio Guerrero
|
0-0: Ball 1-0: Ball 2-0: Fly out, F2 (Popup, 3SF, EV 83.8 MPH)
|
|
Batting: RHB Garry Keeton
|
0-0: Ball 1-0: Ball 2-0: Called Strike 2-1: Ground out 4-3 (Groundball, 34, EV 101.3 MPH)
|
| Bottom of the 8th over - 0 runs, 0 hits, 0 errors, 0 left on base; Appleton 4 - Quincy 1 |
| TOP OF THE 9TH |
|
Appleton Foxes batting - Pitching for Quincy Cubs : RHP Charles Lusted
|
|
Batting: LHB John Csefalvay
|
0-0: Ball 1-0: Ball 2-0: Foul Ball, location: 2F 2-1: Foul Ball, location: 2F 2-2: Foul Ball, location: 2F 2-2: Ground out 4-3 (Groundball, 4, EV 87.5 MPH)
|
|
Batting: RHB Randy Asadoor
|
0-0: Ball 1-0: Ground out 6-3 (Groundball, 6, EV 101.3 MPH)
|
|
Batting: RHB George Hinshaw
|
0-0: Called Strike 0-1: Foul Ball, location: 2F 0-2: Ball 1-2: Strikes out swinging
|
| Top of the 9th over - 0 runs, 0 hits, 0 errors, 0 left on base; Appleton 4 - Quincy 1 |
| BOTTOM OF THE 9TH |
|
Quincy Cubs batting - Pitching for Appleton Foxes : RHP Mark Grant
|
|
Pitching: RHP Jaime Cocanower
|
|
|
Batting: RHB Alex Juarez
|
0-0: Ball 1-0: SINGLE (Flyball, 4D, EV 90.0 MPH)
|
|
Batting: RHB Jack Ayer
|
0-0: Ball 1-0: Swinging Strike 1-1: Ball 2-1: Called Strike 2-2: Fly out, F9 (Line Drive, 9, EV 90.6 MPH)
|
|
Batting: SHB Willie Perez
|
0-0: Ball 1-0: Ball 2-0: Foul Ball, location: 2F 2-1: Foul Ball, location: 2F 2-2: Foul Ball, location: 2F 2-2: Fly out, F5 (Popup, 25F, EV 81.3 MPH)
|
|
Batting: LHB Dennis Mork
|
0-0: Ball 1-0: Foul Ball, location: 2F 1-1: Ball 2-1: Ball 3-1: Called Strike 3-2: Foul Ball, location: 2F 3-2: Base on Balls Alex Juarez to second
|
|
Batting: RHB Jerry Fry
|
0-0: Called Strike 0-1: Foul Ball, location: 2F 0-2: Ground out 4-3 (Groundball, 34, EV 100.6 MPH)
|
| Bottom of the 9th over - 0 runs, 1 hit, 0 errors, 2 left on base; Appleton 4 - Quincy 1 |
|